 Dungeon Crawl Stone Soup version 0.23.2-1-ga50397a (webtiles) character file.

Game seed: 1695232743991568180

55 Kahibar the Ruffian (level 3, -3/28 HPs)
             Began as a Draconian Transmuter on May 21, 2019.
             Slain by Terence
             ... wielding a +0 flail
              (7 damage)
             ... on level 2 of the Dungeon.
             The game lasted 00:12:35 (1694 turns).

Kahibar the Ruffian (Draconian Transmuter)          Turns: 1694, Time: 00:12:36

Health: -3/28      AC:  5    Str: 12    XL:     3   Next: 67%
Magic:  2/7        EV: 12    Int: 14    God:
Gold:   78         SH:  0    Dex: 11    Spells: 4/7 levels left

rFire    . . .     SeeInvis .   j - +0 dagger
rCold    . . .     Gourm    .   (no shield)
rNeg     . . .     Faith    .   (armour unavailable)
rPois    .         Spirit   .   (helmet restricted)
rElec    .         Reflect  .   (no cloak)
rCorr    .         Harm     .   (no gloves)
MR       .....                  (no boots)
Stlth    +.........             (no amulet)
HPRegen  0.09/turn              (no ring)
MPRegen  0.10/turn              (no ring)

@: no status effects
A: unfitting armour, cold-blooded, AC +5
a: no special abilities


You were on level 2 of the Dungeon.
You were not hungry.

You visited 1 branch of the dungeon, and saw 2 of its levels.

You collected 78 gold pieces.

Inventory:

Hand Weapons
 g - a +0 hunting sling
 i - a +0 short sword
 j - a +0 dagger (weapon)
Missiles
 a - 5 arrows
 f - 17 bolts
 h - 11 stones (quivered)
 m - 11 sling bullets
Scrolls
 b - 2 scrolls of identify {unknown}
 d - a scroll of teleportation {unknown}
 e - a scroll of amnesia {unknown}
Potions
 k - 2 potions of lignification {unknown}
 l - 2 potions of curing {unknown}
 n - a potion of experience {unknown}
Comestibles
 c - 5 rations
 o - 2 chunks of flesh


   Skills:
 * Level 1.6 Fighting
 + Level 0.2 Short Blades
 + Level 2.2 Dodging
 * Level 0.9 Stealth
 - Level 3.0 Unarmed Combat
 * Level 2.9 Spellcasting
 * Level 2.3 Transmutations


You had 4 spell levels left.
You knew the following spells:

 Your Spells              Type           Power        Failure   Level  Hunger
a - Beastly Appendage     Tmut           #.....       9%          1    #......
b - Sticks to Snakes      Tmut           #.......     13%         2    ##.....

Your spell library contained the following spells:

 Spells                   Type           Power        Failure   Level  Hunger
 Spider Form              Tmut/Pois      #.........   38%         3    ###....
 Ice Form                 Ice/Tmut       #.......     80%         4    #####..
 Blade Hands              Tmut           #.........   93%         5    ######.


Dungeon Overview and Level Annotations

Branches:
Dungeon (2/15)

Altars:
Nemelex Xobeh

Annotations:
D:2 Terence


Innate Abilities, Weirdness & Mutations

Your plain brown scales are hard. (AC +5)
You cannot fit into any form of body armour.
You are cold-blooded and may be slowed by cold attacks.


Message History

* * * LOW HITPOINT WARNING * * *
Your ball python bites Terence but does no damage.
Your ball python constricts Terence.
You hit Terence but do no damage.
Terence is heavily wounded.
Your ball python bites Terence but does no damage.
Your ball python constricts Terence.
Terence says to your ball python, "Time to say good-bye..."
Terence hits your ball python with a +0 flail!
Your ball python dies!
Terence shouts!
You hit Terence.
You tail-slap Terence, but do no damage.
Terence is severely wounded.
You closely miss Terence.
You tail-slap Terence, but do no damage.
Terence is severely wounded.
Terence says, "You're history."
Terence hits you with a +0 flail!
You die...

.......#.#.#.........
.....###.#.#.##.....
.....'...#.#.##...
.....#####...##.########
.....# ##............#
###### #............#
#...(........#
#....@.......#
#.....@......#
#####>#÷#########
+........#
######'''######
######...######
.☼○..#...#☼.○○§
°§§§.#.⌠.#§.○☼§
°☼§§☼#...#§§○☼°
°§§§☼#...#.○☼..


You could see Terence.

Vanquished Creatures
  An adder (D:2)
  2 oozes (D:1)
  3 leopard geckos (D:1)
  A ball python (D:2)
  A bat (D:1)
  3 giant cockroaches (D:1)
  2 goblins (D:1)
  8 hobgoblins
  5 kobolds
  3 rats (D:1)
29 creatures vanquished.

Vanquished Creatures (collateral kills)
  A worm (D:2)
1 creature vanquished.

Grand Total: 30 creatures vanquished

Notes
Turn   | Place    | Note
-------+----------+-------------------------------------------
     0 | D:1      | Kahibar the Draconian Transmuter began the quest for the
                  | Orb.
     0 | D:1      | Reached XP level 1. HP: 16/16 MP: 3/3
   213 | D:1      | Reached XP level 2. HP: 22/23 MP: 3/5
   667 | D:1      | Reached XP level 3. HP: 20/28 MP: 6/6
   950 | D:1      | Learned a level 2 spell: Sticks to Snakes
  1661 | D:2      | Found a sparkling altar of Nemelex Xobeh.
  1661 | D:2      | Noticed Terence
  1694 | D:2      | Slain by Terence

Skill      XL: |  1 |
---------------+----+-----
Dodging        | 2 |  2.2
Fighting       | |  1.6
Short Blades   | |  0.2
Stealth        | |  0.9
Unarmed Combat | |  3.0
Spellcasting   | |  2.9
Transmutations | |  2.3

Action                   || total
-------------------------++-------
Melee: Unarmed           ||    35
       Headbutt          ||     5
       Tailslap          ||    21
       Dagger            ||   132
       Punch             ||     1
Throw: Stone             ||     1
 Cast: Beastly Appendage ||     7
       Sticks to Snakes  ||     7
  Eat: Chunk             ||     3
Armor: Skin              ||    40
Dodge: Dodged            ||    84
